 Dungeon Crawl Stone Soup version 0.30-b1-2-g02819fbbbe (webtiles) character file.

Game seed: 121821069248672841

415 prikolics the Grasshopper (level 6, 0/56 HPs)
             Began as a Naga Warper on Aug 10, 2023.
             Killed from afar by Natasha (13 damage)
             ... with a bolt of dispelling energy
             ... on level 3 of the Dungeon.
             The game lasted 00:18:00 (2844 turns).

prikolics the Grasshopper (Naga Warper)             Turns: 2844, Time: 00:18:02

Health: 0/56       AC:  5    Str: 13    XL:     6   Next: 92%
Magic:  9/9        EV:  9    Int: 21    God:
Gold:   99         SH:  0    Dex: 11    Spells: 7/9 levels left

rFire   . . .        a - +0 spear
rCold   . . .        (no shield)
rNeg    . . .        b - +0 leather armour
rPois   +            D - +0 helmet
rElec   .            m - +0 cloak
rCorr   .            (no gloves)
SInv    +            (no barding)
Will    .....        (no amulet)
Stlth   ++           y - +6 ring of intelligence
HPRegen 0.29/turn    (no ring)
MPRegen 0.11/turn

%: no passive effects
@: short of breath, very slow
A: AC +2, large, see invisible, deformed body, poison resistance, slowness 2,
spit poison 1, naga tail 1
a: Spit Poison


You were on level 3 of the Dungeon.
You visited 1 branch of the dungeon, and saw 3 of its levels.
You also visited: Sewer.

You collected 99 gold pieces.

Inventory:

Hand Weapons
 a - a +0 spear (weapon)
 i - a +1 dagger of venom
 p - a +0 sling
Missiles
 d - 6 boomerangs of dispersal
 k - 4 stones
 u - 3 poisoned darts (quivered)
 v - a boomerang
Armour
 b - a +0 leather armour (worn)
 m - a +0 cloak (worn)
 D - a +0 helmet (worn)
Magical Staves
 C - a staff of cold
Jewellery
 y - a +6 ring of intelligence (left hand)
Wands
 q - a wand of roots (19)
Scrolls
 c - a scroll of blinking
 e - 3 scrolls of amnesia {unknown}
 f - 2 scrolls of teleportation {unknown}
 g - a scroll of fog {unknown}
 j - 2 scrolls of identify {unknown}
 l - 5 scrolls of vulnerability {unknown}
 n - 3 scrolls of magic mapping {unknown}
 s - a scroll of fear {unknown}
 B - a scroll of noise {unknown}
Potions
 h - a potion of resistance {unknown}
 o - a potion of attraction {unknown}
 r - 2 potions of lignification {unknown}
 t - 3 potions of invisibility {unknown}
 w - 3 potions of mutation {unknown}
 x - a potion of haste {unknown}
 z - a potion of magic {unknown}
 A - a potion of might {unknown}


   Skills:
 + Level 3.2 Fighting
 + Level 4.1 Polearms
 + Level 2.2 Throwing
 - Level 0.7 Armour
 + Level 1.8 Dodging
 * Level 3.6 Stealth
 + Level 2.2 Spellcasting
 * Level 4.3 Translocations
 + Level 0.3 Evocations


You had 7 spell levels left.
You knew the following spells:

 Your Spells              Type           Power      Damage    Failure   Level
a - Blink                 Tloc           40%        N/A       4%          2

Your spell library contained the following spells:

 Spells                   Type           Power      Damage    Failure   Level
 Lesser Beckoning         Tloc           40%        N/A       4%          2
 Teleport Other           Tloc           20%        N/A       9%          3
 Vhi's Electric Charge    Tloc/Air       22%        N/A       22%         3
 Manifold Assault         Tloc           20%        N/A       30%         4


Dungeon Overview and Level Annotations

Branches:
Dungeon (3/15)              Sewer (visited)

Altars:
Ashenzari
Makhleb
Qazlal
Trog
Wu Jian
Xom

Annotations:
D:3 Natasha


Innate Abilities, Weirdness & Mutations

Your serpentine skin is tough. (AC +2)
You have supernaturally acute eyesight. (SInv)
Armour fits poorly on your strangely shaped body.
Your system is resistant to poisons. (rPois)
You cover ground very slowly.
You can spit poison.
You have a snake-like lower body.


Message History

You hit Natasha.
Natasha is heavily wounded.
Natasha zaps a wand.
The bolt of dispelling energy hits you!
The cerulean imp hits you but does no damage.
Aiming: Spit Poison (1% risk of failure)
Press: ? - help, Shift-Dir - straight line, f/p - Natasha
Aim: Natasha, carrying a wand of quicksilver (3) (heavily wounded, 50% to hit)
The splash of poison hits Natasha but does no damage.
Natasha is poisoned.
Natasha is heavily wounded.
Natasha mumbles some strange words.
The cerulean imp completely misses you.
You hit Natasha but do no damage.
Natasha is heavily wounded.
Natasha casts a spell at you. The magic dart hits you.
You closely miss Natasha.
Natasha is severely wounded.
The cerulean imp barely misses you. Natasha claws you.
The cerulean imp hits you from afar with a +2 spear.
You barely miss Natasha.
Natasha is severely wounded.
The cerulean imp hits you but does no damage.
Natasha drinks a potion.
Natasha is healed!
The cerulean imp barely misses you.
You barely miss Natasha.
The cerulean imp hits you but does no damage.
Natasha claws you.
* * * LOW HITPOINT WARNING * * *
You closely miss Natasha.
Natasha looks more healthy.
The cerulean imp hits you from afar with a +2 spear.
* * * LOW HITPOINT WARNING * * *
The cerulean imp closely misses you.
Natasha casts a spell.
You hit Natasha.
Natasha is heavily wounded.
The cerulean imp hits you from afar with a +2 spear.
* * * LOW HITPOINT WARNING * * *
The cerulean imp closely misses you.
Natasha zaps a wand.
The bolt of dispelling energy hits you!
You die...

...#..<..##.....# #....#......#
...#.....##.....####[..........#
.##............................#
.##..............###.........####
.##........##....###.............
..+........##....#...............
.##..............#...............
.###....#......5.#5..............
.###....#....##.@h..##...........
........#......5....#####.......#
....................#####.......+
....#...............##..........#
....................##...........
..#..............#####..........#
................## #.........##
###.............########.........
................#.....##.........


You could see Natasha and 3 cerulean imps.

Vanquished Creatures
  Sigmund (D:3)
  2 jellies (Sewer)
  Ijyb (D:3)
  Natasha (twice) (D:3)
  3 adders (D:3)
  3 dart slugs
  4 orcs (D:3)
  5 bats
  13 endoplasms
  6 giant cockroaches
  7 goblins
  4 hobgoblins
  4 quokkas
  4 ball pythons
  6 frilled lizards
  4 kobolds (D:1)
  11 rats
80 creatures vanquished.

Vanquished Creatures (others)
  A fungus (D:1)
1 creature vanquished.

Grand Total: 81 creatures vanquished

Notes
Turn   | Place    | Note
-------+----------+-------------------------------------------
     0 | D:1      | prikolics the Naga Warper began the quest for the Orb.
     0 | D:1      | Reached XP level 1. HP: 19/19 MP: 3/3
    58 | D:1      | Found a faded altar of an unknown god.
   116 | D:1      | Reached XP level 2. HP: 26/26 MP: 5/5
   233 | D:1      | Reached skill level 1 in Stealth
   648 | D:1      | Reached XP level 3. HP: 33/33 MP: 6/6
  1360 | D:3      | Reached skill level 1 in Throwing
  1419 | D:3      | Learned a level 2 spell: Blink
  1592 | D:3      | Reached XP level 4. HP: 37/40 MP: 7/7
  1865 | D:3      | Found a glowing drain.
  1874 | Sewer    | Entered a sewer
  2053 | Sewer    | Found a viscous altar of Jiyva.
  2085 | Sewer    | HP: 2/40 [acid (10)]
  2089 | Sewer    | Reached XP level 5. HP: 15/48 MP: 5/8
  2465 | D:3      | Noticed Sigmund
  2476 | D:3      | Killed Sigmund
  2477 | D:3      | Reached XP level 6. HP: 47/56 MP: 9/9
  2489 | D:3      | Noticed Ijyb
  2502 | D:3      | Killed Ijyb
  2560 | D:3      | Found a broken altar of Ashenzari.
  2561 | D:3      | Found a bloodstained altar of Trog.
  2563 | D:3      | Found a shimmering altar of Xom.
  2563 | D:3      | Found a stormy altar of Qazlal.
  2566 | D:3      | Found a burning altar of Makhleb.
  2567 | D:3      | Found an ornate altar of the Wu Jian Council.
  2654 | D:3      | Noticed Natasha
  2662 | D:3      | Killed Natasha
  2805 | D:3      | Noticed Natasha
  2814 | D:3      | Killed Natasha
  2829 | D:3      | Noticed Natasha
  2844 | D:3      | Killed from afar by Natasha

Illustrated notes

Levels and vault maps discovered:
D:1:      lemuel_arrival_rhombus, layout_basic,
          dreamdust_ecumenical_altar_grove, minivault_24, due_unseen_surprise
D:2:      layout_basic
D:3:      layout_basic, grunt_temple_overflow_open, portal_sewer_entry_e,
          uniq_ijyb, uniq_sigmund, uniq_natasha

Skill      XL: |  1  2  3  4  5  6 |
---------------+-------------------+-----
Stealth        | 1 2 3 |  3.6
Throwing       | 1 2 |  2.2
Polearms       | 3 4 |  4.1
Fighting       | 3 |  3.2
Translocations | 4 |  4.3
Armour         | |  0.7
Dodging        | |  1.8
Spellcasting   | |  2.2
Evocations     | |  0.3

Action                     |  1- 3 |  4- 6 || total
---------------------------+-------+-------++-------
  Melee: Spear             |    67 |   108 ||   175
  Throw: Stone             |    30 |       ||    30
         Dart              |    11 |    22 ||    33
         Boomerang         |     1 |       ||     1
   Cast: Blink             |       |     2 ||     2
Ability: Spit Poison       |    36 |    34 ||    70
  Evoke: Wand              |       |     3 ||     3
    Use: Potion            |       |     3 ||     3
   Stab: Sleeping          |     1 |     1 ||     2
 Armour: Leather armour    |    21 |    19 ||    40
  Dodge: Dodged            |    26 |    45 ||    71
